Map: Ulrena

Players

Psz - Winner!

  • Race: Terran Terran
  • League: Master

Miszu

  • Race: Terran Terran
  • League: Master

VOD

Have the link to the VOD?

Description

Time

  • Played on: April 13, 2016, 3:53 p.m.
  • Length: 5:36
Show
View Real Time Build Order
Export as new Build Order

Psz Terran - Winner!

Build Orders: 1/1/1 

Get SALT Encoding   

  12  0:01  SCV  
  13  0:13  SCV  
  14  0:17  Supply Depot  
  14  0:25  SCV  
  15  0:39  SCV  
  15  0:40  Barracks  
  16  0:44  Refinery  
  16  0:51  SCV  
  16  0:54  Refinery  
  17  1:03  SCV  
  18  1:15  SCV  
  19  1:28  Marine, Orbital Command  
  20  1:34  Factory  
  20  1:46  Supply Depot  
  20  1:49  Marine  
  21  1:54  SCV  
  22  2:06  SCV  
  22  2:08  Barracks Reactor  
  22  2:19  Hellion  
  24  2:23  Starport  
  24  2:26  SCV  
  25  2:33  Supply Depot  
  25  2:38  SCV  
  25  2:40  Factory Tech Lab  
  25  2:47  Marine  
  25  2:48  Marine  
  27  3:01  Siege Tank  
  27  3:03  SCV  
  32  3:06  Starport Reactor  
  32  3:11  Viking  
  32  3:19  Supply Depot  
  33  3:22  Marine x2  
  33  3:25  SCV  
  35  3:35  Siege Tank  
  38  3:53  Viking x2  
  38  3:54  Marine  
  41  3:57  SCV  
  42  4:03  Supply Depot  
  42  4:10  Siege Tank  
  45  4:30  Command Center  
  43  4:37  Viking  
  45  4:47  Viking  
  45  4:51  Siege Tank  
  50  4:58  Supply Depot  
  50  5:00  SCV  
  51  5:12  Barracks Tech Lab  
  51  5:18  SCV  
Show
View Real Time Build Order
Export as new Build Order

Miszu Terran 

Build Orders: 1/1/1 

Get SALT Encoding   

  12  0:00  SCV  
  13  0:12  SCV  
  14  0:17  Supply Depot  
  14  0:24  SCV  
  15  0:29  Refinery  
  15  0:39  SCV  
  16  0:45  Barracks  
  16  0:51  SCV  
  17  1:03  SCV  
  18  1:15  SCV  
  19  1:31  Orbital Command  
  19  1:32  Factory  
  19  1:33  Marine  
  19  1:38  Supply Depot  
  20  1:50  Marine  
  21  1:57  SCV  
  22  2:08  Marine  
  22  2:09  SCV  
  24  2:17  Starport, Hellion  
  24  2:21  Supply Depot, SCV  
  27  2:26  Marine  
  28  2:30  Refinery  
  28  2:35  SCV  
  29  2:39  Hellion  
  31  2:44  Marine  
  31  2:47  SCV  
  33  2:59  SCV  
  33  3:02  Marine  
  33  3:03  Medivac  
  33  3:04  Hellion  
  39  3:10  Engineering Bay  
  39  3:13  Supply Depot  
  39  3:21  Barracks Reactor  
  39  3:26  Factory Tech Lab  
  39  3:35  Viking, SCV  
  42  3:42  Missile Turret  
  42  3:47  SCV  
  43  3:54  Command Center  
  43  4:00  SCV  
  44  4:04  Siege Tank  
  47  4:13  SCV  
  44  4:20  Supply Depot  
  44  4:21  Marine x2  
  46  4:31  SCV  
  47  4:41  Siege Tank  
  47  4:44  Marine x2, SCV  
  53  4:52  Barracks  
  53  4:56  SCV  
  53  4:59  Barracks  
  54  5:03  Medivac  
  54  5:04  Marine  
  54  5:06  Marine  
  55  5:22  SCV  
Tags
 
Matchup
TvT
Opening
1/1/11/1/1
Race
Terran
Add a new tag
Caveats
  • Supply blocks, unpowered buildings, or Contaminate may cause inaccurate times.
  • Supply counts are checked every 10 seconds.